 Dungeon Crawl Stone Soup version 0.29-a0-887-gcbe080d7e0 (webtiles) character file.

Game seed: 3766600934611702664

8134 IdlyInterested the Slicer (level 11, -3/83 HPs)
             Began as a Demonspawn Wanderer on July 21, 2022.
             Slain by a komodo dragon (16 damage)
             ... on level 1 of the Lair of Beasts.
             The game lasted 00:46:18 (11727 turns).

IdlyInterested the Slicer (Demonspawn Wanderer)    Turns: 11727, Time: 00:46:18

Health: -3/83      AC: 18    Str: 18    XL:     11   Next: 5%
Magic:  15/15      EV: 13    Int: 13    God:
Gold:   577        SH: 24    Dex: 18    Spells: 15/16 levels left

rFire   . . .      SeeInvis .   v - +5 dagger
rCold   . . .      Faith    .   q - +0 kite shield
rNeg    . . .      Spirit   .   D - +2 acid dragon scales
rPois   .          Reflect  +   s - +0 helmet
rElec   .          Harm     .   B - +0 cloak {Stlth+}
rCorr   +          Rampage  .   (no gloves)
Will    .....                   (no boots)
Stlth   +++.......              K - amulet of reflection
HPRegen 0.23/turn               p - +6 ring of strength
MPRegen 0.14/turn               j - +4 ring of protection

@: no status effects
A: claws 1, large bone plates 2, icemail 1, condensation shield
a: no special abilities


You were on level 1 of the Lair of Beasts.
You visited 3 branches of the dungeon, and saw 11 of its levels.

You collected 577 gold pieces.

Inventory:

Hand Weapons
 d - a +0 dagger of freezing
 v - a +5 dagger (weapon)
 L - a +0 hand axe of flaming
 M - a +2 dagger of venom
 P - a +0 long sword
Missiles
 a - 2 boomerangs of dispersal
 f - a boomerang
 r - 22 poisoned darts (quivered)
 N - 6 silver javelins
Armour
 q - a +0 kite shield (worn)
 s - a +0 helmet (worn)
 B - a +0 cloak of stealth (worn)
 C - +0 fire dragon scales
 D - +2 acid dragon scales (worn)
Magical Staves
 l - a staff of poison
Jewellery
 e - a ring of positive energy
 h - a ring of fire
 j - a +4 ring of protection (right claw)
 n - a ring of positive energy
 p - a +6 ring of strength (left claw)
 H - an amulet of magic regeneration
 K - an amulet of reflection (around neck)
Wands
 g - a wand of polymorph (1)
 u - a wand of paralysis (22)
 A - a wand of mindburst (11)
 G - a wand of quicksilver (6)
Scrolls
 c - 2 scrolls of vulnerability
 i - 5 scrolls of teleportation
 o - 3 scrolls of poison
 F - a scroll of amnesia
 J - a scroll of fog
Potions
 b - 2 potions of lignification {unknown}
 k - a potion of brilliance
 m - 2 potions of haste {unknown}
 t - a potion of flight
 w - 4 potions of attraction
 x - 4 potions of mutation
 z - a potion of resistance {unknown}
 E - a potion of might {unknown}
 I - 2 potions of curing
 Q - a potion of magic


   Skills:
 + Level 6.9 Fighting
 + Level 10.3 Short Blades
 - Level 1.0 Ranged Weapons
 - Level 1.0 Throwing
 - Level 1.0 Armour
 - Level 6.0 Dodging
 - Level 3.0 Stealth
 * Level 1.7 Shields
 - Level 3.0 Spellcasting
 + Level 8.6 Hexes
 - Level 1.0 Evocations


You had 15 spell levels left.
You knew the following spells:

 Your Spells              Type           Power      Damage    Failure   Level
a - Slow                  Hex            96%        N/A       3%          1

Your spell library contained the following spells:

 Spells                   Type           Power      Damage    Failure   Level
 Inner Flame              Hex/Fire       13%        N/A       45%         3
 Portal Projectile        Hex/Tloc       26%        N/A       45%         3
 Beastly Appendage        Tmut           2%         N/A       71%         1
 Freeze                   Ice            4%         1d3       71%         1
 Scorch                   Fire           2%         2d5       83%         2
 Wereblood                Tmut           1%         N/A       83%         2
 Frozen Ramparts          Ice            2%         1d2       97%         3
 Spider Form              Tmut/Pois      1%         N/A       97%         3
 Flame Wave               Conj/Fire      1%         2d4       100%        4
 Hailstorm                Conj/Ice       1%         3d3       100%        4
 Ice Form                 Ice/Tmut       1%         N/A       100%        4
 Summon Ice Beast         Ice/Summ       1%         N/A       100%        4
 Blade Hands              Tmut           0%         N/A       100%        5
 Irradiate                Conj/Tmut      0%         3d11      100%        5
 Simulacrum               Ice/Necr       0%         N/A       100%        6
 Summon Cactus Giant      Summ           0%         N/A       100%        6
 Dragon Form              Tmut           0%         N/A       100%        7


Dungeon Overview and Level Annotations

Branches:
Dungeon (9/15)             Temple (1/1) D:7            Lair (1/5) D:9
    Orc: D:9-12

Altars:
Ashenzari
Cheibriados
Dithmenos
Fedhas
Gozag
Hepliaklqana
Kikubaaqudgha
Makhleb
Nemelex Xobeh
Okawaru
Qazlal
Ru
Sif Muna
Trog
Uskayaw
Vehumet
Wu Jian
Xom
Yredelemnul


Innate Abilities, Weirdness & Mutations

You have sharp fingernails.
You are mostly covered in large bone plates. (SH +6)
A meltable icy envelope protects you from harm. (AC +4)
A meltable shield of frost defends you. (SH +4)


Message History

Found 8 gold pieces.
Found a stone staircase leading down.
The water moccasin hisses angrily.
You block the water moccasin's attack.
You hit the water moccasin.
The water moccasin is lightly wounded.
The komodo dragon hisses angrily.
You block the water moccasin's attack.
You closely miss the water moccasin.
The water moccasin is lightly wounded.
You block the water moccasin's attack.
You hit the water moccasin.
The water moccasin is moderately wounded.
You block the water moccasin's attack.
You hit the water moccasin.
The water moccasin is heavily wounded.
A komodo dragon comes into view.
You block the water moccasin's attack.
You barely miss the water moccasin.
The water moccasin is heavily wounded.
You completely miss the water moccasin.
The water moccasin is heavily wounded.
You block the water moccasin's attack.
The komodo dragon hisses angrily.
You hit the water moccasin.
The water moccasin is heavily wounded.
The water moccasin misses you.
You hit the water moccasin but do no damage.
The water moccasin is heavily wounded.
The water moccasin bites you but does no damage.
You barely miss the water moccasin.
The water moccasin is heavily wounded.
You block the water moccasin's attack.
You hit the water moccasin.
The water moccasin is severely wounded.
You block the water moccasin's attack. The komodo dragon bites you!
* * * LOW HITPOINT WARNING * * *
You hit the water moccasin.
The water moccasin is almost dead.
You block the water moccasin's attack. The komodo dragon bites you!
You die...

### #..........#
..####.........#
..♣.##........##
##.♣...........#
##.............##
#.♣.>.♣###.#.###
#.....# #####
#....## #..@.#
#..Sl...#
#...........#
#.....#.##l...#
..#.##... ..#.. .
#. ... ...#. .
... ...$ . ..>..
...


You could see 2 komodo dragons and a water moccasin.

Vanquished Creatures
  A two-headed ogre (D:8)
  2 death yaks (D:9)
  A cane toad (Lair:1)
  Sigmund (D:3)
  3 wyverns
  8 yaks
  2 steam dragons
  A naga (D:6)
  3 water moccasins
  A sky beast (D:7)
  4 orc warriors
  4 black bears
  3 ice beasts
  3 ogres (D:5)
  A phantom (D:5)
  2 centaurs
  2 scorpions (D:5)
  2 bullfrogs
  4 wights (D:9)
  5 killer bees (D:9)
  The ghost of mcwallace the Charlatan, a weakling DEAr (D:3)
  A quasit (D:7)
  5 hounds
  3 orc priests
  3 jellies
  2 iguanas (D:5)
  4 orc wizards
  2 hell rats (D:9)
  Robin (D:3)
  6 adders
  A river rat (D:9)
  4 shadow imps
  5 white imps
  6 ufetubi
  2 worms
  3 dart slugs
  19 orcs
  3 ball pythons
  7 endoplasms
  4 giant cockroaches
  6 hobgoblins
  6 jackals
  4 kobolds
  4 quokkas
  5 bats
  4 frilled lizards
  14 goblins
  7 rats
185 creatures vanquished.

Vanquished Creatures (collateral kills)
  A death yak (D:9)
  A wight (D:9)
2 creatures vanquished.

Vanquished Creatures (others)
  A fungus (Lair:1)
  5 plants (D:4)
6 creatures vanquished.

Grand Total: 193 creatures vanquished

Notes
Turn   | Place    | Note
-------+----------+-------------------------------------------
     0 | D:1      | IdlyInterested the Demonspawn Wanderer began the quest for
                  | the Orb.
     0 | D:1      | IdlyInterested set off with the following items: a +0
                  | sling, a +0 cloak, a scroll of vulnerability, a +0 robe;
                  | and the following spell memorised: Slow; and the following
                  | spells available to memorise: Inner Flame, Portal
                  | Projectile.
     0 | D:1      | Reached XP level 1. HP: 15/15 MP: 2/2
   209 | D:1      | Found a faded altar of an unknown god.
   327 | D:1      | Gained mutation: A meltable shield of frost defends you.
                  | (SH +4) [demonic ancestry]
   327 | D:1      | Reached XP level 2. HP: 20/21 MP: 3/3
   994 | D:2      | Reached skill level 1 in Stealth
  1103 | D:2      | Gained mutation: You are partially covered in large bone
                  | plates. (SH +4) [demonic ancestry]
  1103 | D:2      | Reached XP level 3. HP: 25/27 MP: 4/4
  1389 | D:2      | Reached skill level 1 in Short Blades
  1847 | D:3      | Noticed Robin
  1905 | D:3      | Killed Robin
  1906 | D:3      | Reached XP level 4. HP: 32/33 MP: 6/6
  1924 | D:3      | Reached skill level 1 in Evocations
  2093 | D:3      | Found a transporter.
  2093 | D:3      | Found a transporter.
  2095 | D:3      | Noticed mcwallace's ghost (weakling DEAr)
  2136 | D:3      | Noticed Sigmund
  2146 | D:3      | Killed Sigmund
  2147 | D:3      | Reached skill level 3 in Short Blades
  2147 | D:3      | Reached skill level 1 in Throwing
  2147 | D:3      | Gained mutation: You are mostly covered in large bone
                  | plates. (SH +6) [demonic ancestry]
  2147 | D:3      | Reached XP level 5. HP: 38/38 MP: 6/8
  2189 | D:3      | Noticed a black bear
  2229 | D:3      | Killed a black bear
  2230 | D:3      | Reached skill level 4 in Short Blades
  2230 | D:3      | Gained mutation: A meltable icy envelope protects you from
                  | harm. (AC +4) [demonic ancestry]
  2230 | D:3      | Reached XP level 6. HP: 23/44 MP: 9/9
  2881 | D:3      | Noticed Ijyb
  2881 | D:3      | Paralysed by Ijyb for 4 turns
  2888 | D:3      | Noticed Ijyb
  2888 | D:3      | Ijyb changed into Ijyb the jackal
  2898 | D:3      | Killed Ijyb the jackal
  3021 | D:3      | Killed mcwallace's ghost
  3468 | D:4      | Identified the +0 hammer of Nightmares {vorpal, MP-9 Dex+6}
  3583 | D:4      | Reached XP level 7. HP: 44/51 MP: 10/10
  3634 | D:4      | Found a runed translucent door.
  3797 | D:4      | Noticed a +0 dagger
  3797 | D:4      | Noticed a +0 hand axe
  3800 | D:4      | Found a hide-covered altar of Uskayaw.
  3801 | D:4      | Noticed Edmund
  3859 | D:4      | Noticed Edmund
  3859 | D:4      | Edmund changed into Edmund the adder
  3866 | D:4      | Killed Edmund the adder
  4322 | D:4      | Noticed Crazy Yiuf
  4326 | D:4      | Noticed Crazy Yiuf
  4326 | D:4      | Crazy Yiuf changed into Crazy Yiuf the tengu
  4329 | D:4      | Noticed Crazy Yiuf
  4329 | D:4      | Crazy Yiuf the tengu changed into Crazy Yiuf the steam
                  | dragon
  4363 | D:4      | Killed Crazy Yiuf the steam dragon
  4364 | D:4      | Reached skill level 5 in Short Blades
  4667 | D:5      | Entered Level 5 of the Dungeon
  4758 | D:5      | Found a shimmering blue altar of Sif Muna.
  4883 | D:5      | Reached XP level 8. HP: 28/60 MP: 11/11
  5296 | D:5      | Reached skill level 6 in Short Blades
  6026 | D:5      | Found a sparkling altar of Nemelex Xobeh.
  6032 | D:5      | Found a sacrificial altar of Ru.
  6148 | D:6      | Noticed Maggie
  6152 | D:6      | Noticed Maggie
  6152 | D:6      | Maggie changed into Maggie the naga
  6161 | D:6      | Killed Maggie the naga
  6840 | D:6      | Reached skill level 7 in Short Blades
  7287 | D:7      | Reached XP level 9. HP: 67/67 MP: 12/12
  7353 | D:7      | Reached skill level 5 in Fighting
  7361 | D:7      | Learned a level 1 spell: Slow
  7876 | D:7      | Found a staircase to the Ecumenical Temple.
  7882 | Temple   | Entered the Ecumenical Temple
  8555 | D:8      | Reached skill level 8 in Short Blades
  8932 | D:8      | Noticed a two-headed ogre
  8947 | D:8      | Killed a two-headed ogre
  8948 | D:8      | Gained mutation: You have sharp fingernails. [demonic
                  | ancestry]
  8948 | D:8      | Reached XP level 10. HP: 26/76 MP: 13/13
  9357 | D:8      | Reached skill level 9 in Short Blades
 10168 | D:9      | Reached skill level 5 in Dodging
 10615 | D:9      | Noticed a death yak
 10660 | D:9      | Noticed a death yak
 10660 | D:9      | Noticed a death yak
 10707 | D:9      | Killed a death yak
 10726 | D:9      | Killed a death yak
 10727 | D:9      | Reached skill level 10 in Short Blades
 10748 | D:9      | Killed a death yak
 11292 | D:9      | Found a staircase to the Lair.
 11572 | Lair:1   | Entered Level 1 of the Lair of Beasts
 11618 | Lair:1   | Reached skill level 1 in Shields
 11641 | Lair:1   | Reached XP level 11. HP: 54/83 MP: 15/15
 11727 | Lair:1   | Slain by a komodo dragon

Illustrated notes

Levels and vault maps discovered:
D:1:      spicycebolla_green_bress_n_ham_2, layout_rooms,
          hellmonk_ecumenical_altar_slurped_away
D:2:      layout_loops_ring
D:3:      layout_rooms, gammafunk_ghost_arena, minmay_misc_feat_iff,
          uniq_sigmund, uniq_ijyb, uniq_robin
D:4:      cheibrodos_old_hovel, layout_gridville, dancing_weapons_uskayaw,
          serial_glass, glass_columns_b, glass_columns_b,
          uniq_crazy_yiuf_cottage, uniq_edmund
D:5:      layout_loops_cross, amcnicky_altar_gilded, minitemple
D:6:      layout_loops_ring, uniq_maggie
D:7:      layout_rooms, minmay_temple_entry_gardened_gates, serial_demonic,
          serial_demonic_e, serial_demonic_c, serial_demonic_f,
          serial_demonic_d, serial_demonic_b, serial_demonic_b
D:8:      layout_rooms, roderic_serpentine_path
D:9:      layout_loops_ring, dpeg_lair_monsters
Temple:   hc_temple_tempest_star
Lair:1:   layout_roguey, portal_ice_cave_entry_ice_simulacra,
          grunt_megastairs_2, serial_bayou_shore_b

Skill      XL: |  1  2  3  4  5  6  7  8  9 10 |
---------------+-------------------------------+-----
Fighting       | 2 3 4 6 |  6.9
Stealth        | 1 2 3 |  3.0
Short Blades   | 1 3 4 5 7 8 10 | 10.3
Evocations     | 1 |  1.0
Throwing       | 1 |  1.0
Spellcasting   | 2 3 |  3.0
Hexes          | 6 7 8 |  8.6
Dodging        | 3 4 6 |  6.0
Shields        | 1 |  1.7
Ranged Weapons | |  1.0
Armour         | |  1.0

Action                   |  1- 3 |  4- 6 |  7- 9 | 10-12 || total
-------------------------+-------+-------+-------+-------++-------
Melee: Dagger            |    73 |    17 |   657 |   389 ||  1136
       Short sword       |   142 |   238 |       |       ||   380
       Punch             |     1 |       |       |       ||     1
 Fire: Sling             |    13 |       |       |       ||    13
Throw: Dart              |       |       |    18 |     9 ||    27
       Javelin           |       |       |     6 |     6 ||    12
       Boomerang         |       |       |       |     1 ||     1
 Cast: Slow              |     6 |     1 |     2 |       ||     9
Evoke: Wand              |       |     5 |    14 |     6 ||    25
  Use: Scroll            |       |     8 |     7 |     6 ||    21
       Potion            |       |       |     3 |     6 ||     9
 Stab: Sleeping          |     3 |       |     7 |     3 ||    13
       Paralysed         |       |     6 |     2 |       ||     8
Armor: Robe              |    36 |       |       |       ||    36
       Scale mail        |    63 |   139 |    54 |       ||   256
       Leather armour    |     2 |       |       |       ||     2
       Acid dragon scale |       |       |    85 |    35 ||   120
       Fire dragon scale |       |       |       |     4 ||     4
Dodge: Dodged            |    89 |    68 |   110 |    52 ||   319
Block: Kite shield       |   146 |   297 |   494 |   300 ||  1237
       Other             |     9 |       |       |       ||     9
       Reflection        |       |       |       |     3 ||     3

Table legend: (Time is in decaauts)
 A = Elapsed time spent in this place.
 B = Non-inter-level travel time spent in this place.
 C = Inter-level travel time spent in this place.
 D = Time resting spent in this place.
 E = Time spent auto-exploring this place.
 F = Levels seen in this place.
 G = Mean time per level.
                   A        B        C        D        E       F      G
               +--------+--------+--------+--------+--------+-----+--------+
         Total |  11618 |  10315 |   1303 |   2799 |   4364 |  11 | 1056.2 |
       Dungeon |  11274 |  10035 |   1239 |   2799 |   4204 |   9 | 1252.7 |
        Temple |    218 |    177 |     41 |      0 |    160 |   1 |  218.0 |
          Lair |    125 |    102 |     23 |      0 |      0 |   1 |  125.0 |
               +--------+--------+--------+--------+--------+-----+--------+

Top non-repeatable levels by time:
     D:8: 1594 daAuts
     D:5: 1546 daAuts
     D:4: 1545 daAuts
     D:3: 1437 daAuts
     D:9: 1265 daAuts
     D:2: 1103 daAuts
     D:7: 1071 daAuts
     D:6: 972 daAuts
     D:1: 737 daAuts
  Temple: 218 daAuts
  Lair:1: 125 daAuts
